 Dungeon Crawl Stone Soup version 0.18-a0-1800-gdc7a371 (webtiles) character file.

101 Zhenya25pyc the Covered (level 4, 0/29 HPs)
             Began as a Gargoyle Fighter on Apr 24, 2016.
             Was an Initiate of Okawaru.
             Slain by an orc wizard
             ... wielding a +1 dagger of flaming
              (2 damage)
             ... on level 3 of the Dungeon.
             The game lasted 00:02:56 (1339 turns).

Zhenya25pyc the Covered (Gargoyle Fighter)          Turns: 1339, Time: 00:02:57

Health: 0/29       AC: 10    Str: 20    XL:     4   Next: 75%
Magic:  4/4        EV:  7    Int:  9    God:    Okawaru [......]
Gold:   88         SH:  0    Dex:  9    Spells: 0 memorised, 3 levels left

rFire  . . .     SeeInvis .     m - +3 mace
rCold  . . .     Gourm    .     b - +0 scale mail
rNeg   + . .     Faith    .     c - +0 shield
rPois  ∞         Spirit   .     (no helmet)
rElec  +         Dismiss  .     (no cloak)
rCorr  .         Reflect  .     (no gloves)
SustAt .         Harm     .     (no boots)
MR     .....                    (no amulet)
Stlth  ..........               (no ring)
                                (no ring)

@: confused, not resistant to hostile enchantments, extremely unstealthy
A: negative energy resistance 1, electricity resistance, unbreathing,
petrification resistance, rot immunity, AC +3
a: Renounce Religion


You were on level 3 of the Dungeon.
You worshipped Okawaru.
Okawaru was noncommittal.
You were not hungry.

You visited 1 branch of the dungeon, and saw 3 of its levels.

You collected 88 gold pieces.

Inventory:

Hand Weapons
 m - a +3 mace (weapon)
Armour
 b - a +0 scale mail (worn)
 c - a +0 shield (worn)
Jewellery
 q - an uncursed ring of ice {unknown}
Scrolls
 e - a scroll of noise {unknown}
 g - a scroll of fog {unknown}
 h - a scroll of identify {unknown}
 n - a scroll of enchant armour {unknown}
 p - a scroll of enchant weapon {unknown}
Potions
 d - 2 potions of might
 i - a potion of invisibility {unknown}
 k - a potion of magic {unknown}
 l - a potion of curing {unknown}
Comestibles
 a - 2 beef jerkies
 f - 2 bread rations
 j - 2 meat rations
 o - a chunk of flesh


   Skills:
 + Level 4.0 Fighting
 * Level 3.2 Maces & Flails
 + Level 4.0 Armour
 + Level 4.0 Shields


You had 3 spell levels left.
You didn't know any spells.

Dungeon Overview and Level Annotations

Branches:
Dungeon (3/15)

Altars:
Cheibriados
Dithmenos
Okawaru


Innate Abilities, Weirdness & Mutations

You are resistant to torment.
Your stone body is resilient (AC +3).
You are immune to poison.
You resist negative energy.
You are resistant to electric shocks.
You can survive without breathing.
You are immune to petrification.
You are immune to rotting.


Message History

Something hits you but does no damage. You block the orc wizard's attack.
You barely miss something.
You hear some strange, mumbled words.
A puff of flame appears from out of thin air!
The puff of flame misses you.
The orc wizard hits you but does no damage.
Something hits you but does no damage.
You miss something.
The orc wizard hits you but does no damage.
Something hits you but does no damage.
You hit something but do no damage. The orc wizard casts a spell at you.
You are confused.
Something hits you but does no damage.
The orc wizard casts a spell.
The orc wizard flickers and vanishes!
You're too confused to attack without stumbling around!
You hear the rusting of a distant drain.
Something hits you.
You die...

#####################
#...# #.... #...# #....
## #...# #... .# #...#
#... .######...#####..#
.................#
....###...######.####.#
..............).@....!#
....###......###{####.#
....# #.†....# #..#
.#### #......####'###
.# #........o....# ##
#.............#
#..............
..................
##############o..


There were no monsters in sight!

Vanquished Creatures
  3 adders
  2 oozes
  3 worms
  A dart slug (D:2)
  A giant gecko (D:2)
  3 orcs (D:3)
  3 ball pythons (D:1)
  2 giant cockroaches
  6 goblins
  6 hobgoblins
  6 bats
  4 giant newts
  7 kobolds
  6 rats
53 creatures vanquished.

Notes
Turn   | Place    | Note
--------------------------------------------------------------
     0 | D:1      | Zhenya25pyc the Gargoyle Fighter began the quest for the Orb.
     0 | D:1      | Reached XP level 1. HP: 14/14 MP: 1/1
   103 | D:1      | Reached XP level 2. HP: 15/19 MP: 2/2
   487 | D:1      | Reached XP level 3. HP: 22/23 MP: 3/3
   698 | D:2      | Found an iron altar of Okawaru.
   706 | D:2      | Became a worshipper of Warmaster Okawaru
   839 | D:2      | Reached XP level 4. HP: 29/29 MP: 4/4
   930 | D:2      | Found a snail-covered altar of Cheibriados.
  1220 | D:3      | Found a shadowy altar of Dithmenos.
  1339 | D:3      | Slain by an orc wizard

Vault maps used:
D:1:      minmay_arrival_four_houses
D:2:      kennysheep_slug_shrine, okawaru_ov_weapons_minmay, first_bread
D:3:      lemuel_coloured_pillars_altar, portal_sewer_entry_b

Skill      XL: |  1  2  3  4 |
---------------+-------------+-----
Maces & Flails | 3 |  3.2
Armour         | 4 |  4.0
Fighting       | 4 |  4.0
Shields        | 4 |  4.0

Action                   |  1- 3 |  4- 6 || total
-------------------------+-------+-------++-------
Melee: Flail             |    81 |       ||    81
       Mace              |    18 |    91 ||   109
  Eat: Chunk             |       |     2 ||     2
Armor: Scale mail        |    55 |    68 ||   123
Dodge: Dodged            |    34 |    25 ||    59
Block: Shield            |    61 |    49 ||   110
